 Dungeon Crawl Stone Soup version 0.18.1-48-g4cf74bf (webtiles) character file.

736 rjaguar3 the Digger (level 7, -9/37 HPs)
             Began as a Gargoyle Earth Elementalist on Aug 25, 2016.
             Killed by divine providence
             ... invoked by an orc priest
              (10 damage)
             ... on level 4 of the Dungeon on Aug 26, 2016.
             The game lasted 00:37:08 (5258 turns).

rjaguar3 the Digger (Gargoyle Earth Elementalist)   Turns: 5258, Time: 00:37:08

Health: -9/37      AC: 12    Str: 12    XL:     7   Next: 74%
Magic:  1/15       EV: 12    Int: 17    God:
Gold:   93         SH:  5    Dex: 10    Spells: 3 memorised, 8 levels left

rFire  . . .     SeeInvis .     y - staff of wizardry
rCold  + . .     Gourm    .     a - +0 robe
rNeg   + . .     Faith    .     (no shield)
rPois  ∞         Spirit   .     (no helmet)
rElec  +         Dismiss  .     i - +0 cloak
rCorr  .         Reflect  +     L - +0 pair of gloves of Curiosity {+Inv Stlth+}
SustAt .         Harm     .     v - +2 pair of boots
MR     +....                    I - +5 amulet of reflection
Stlth  +++.......               H - ring of protection from magic
                                j - ring of protection from cold

@: very slightly contaminated, somewhat resistant to hostile enchantments,
fairly stealthy
A: negative energy resistance 1, electricity resistance, unbreathing,
petrification resistance, rot immunity, AC +4
a: Evoke Invisibility


You were on level 4 of the Dungeon.
You were not hungry.

You visited 1 branch of the dungeon, and saw 5 of its levels.

You collected 302 gold pieces.
You spent 209 gold pieces at shops.

Inventory:

Hand Weapons
 k - a +2 dagger of venom
 m - a +0 club
 q - a +0 mace
 r - a +2 quarterstaff of chaos
 A - a +0 whip
 N - a +1 whip of electrocution
 Q - a +0 mace of protection
Missiles
 b - 147 stones (quivered)
Armour
 a - a +0 robe (worn)
 i - a +0 cloak (worn)
 v - a +2 pair of boots (worn)
 L - the +0 pair of gloves of Curiosity (worn) {+Inv Stlth+}
   (You bought it in a shop on level 4 of the Dungeon)

   It lets you turn invisible.
   It makes you more stealthy.
Magical Staves
 y - an uncursed staff of wizardry (weapon)
Jewellery
 j - a ring of protection from cold (left hand)
 D - an uncursed ring of magical power {unknown}
 H - a ring of protection from magic (right hand)
 I - a +5 amulet of reflection (around neck)
 K - a +2 ring of slaying {unknown}
Wands
 f - a wand of confusion (30/48)
 o - a wand of iceblast (5/15)
 t - a wand of acid (3/15)
 F - a wand of flame (14/48)
Scrolls
 e - a scroll of enchant weapon
 n - a scroll of fear {unknown}
 s - 2 scrolls of fog
 x - a scroll of blinking {unknown}
 B - a scroll of noise {unknown}
 M - a scroll of random uselessness {unknown}
 O - a scroll of magic mapping {unknown}
Potions
 h - a potion of magic
 l - 2 potions of flight
 w - 3 potions of haste {unknown}
 z - a potion of cure mutation {unknown}
 E - a potion of degeneration {unknown}
 G - a potion of heal wounds {unknown}
Books
 c - a book of Geomancy

   Spells                             Type                      Level
   a - Sandblast                      Earth                        1
   b - Passwall                       Transmutation/Earth          2
   c - Stone Arrow                    Conjuration/Earth            3
   d - Petrify                        Transmutation/Earth          4
   e - Lee's Rapid Deconstruction     Earth                        5
 u - a book of the Earth

   Spells                             Type                      Level
   a - Leda's Liquefaction            Hexes/Earth                  4
   b - Bolt of Magma                  Conjuration/Fire/Earth       5
   c - Statue Form                    Transmutation/Earth          6
   d - Iron Shot                      Conjuration/Earth            6
   e - Shatter                        Earth                        9
 J - a book of Power

   Spells                             Type                      Level
   a - Fulminant Prism                Conjuration/Hexes            4
   b - Iskenderun's Mystic Blast      Conjuration                  4
   c - Venom Bolt                     Conjuration/Poison           5
   d - Bolt of Magma                  Conjuration/Fire/Earth       5
   e - Iron Shot                      Conjuration/Earth            6
   f - Orb of Destruction             Conjuration                  7
   g - Spellforged Servitor           Conjuration/Summoning        7
Comestibles
 d - 3 bread rations
 p - 2 fruits
 P - a royal jelly


   Skills:
 + Level 0.9 Fighting
 + Level 1.0 Maces & Flails
 + Level 1.3 Armour
 + Level 1.9 Dodging
 - Level 2.1 Stealth
 * Level 5.8 Spellcasting
 + Level 1.4 Conjurations
   Level 0.7 Transmutations
 + Level 6.4 Earth Magic
 + Level 0.8 Evocations


You had 8 spell levels left.
You knew the following spells:

 Your Spells              Type           Power        Failure   Level  Hunger
a - Sandblast             Erth           ####..       1%          1    None
b - Stone Arrow           Conj/Erth      ###...       4%          3    ##.....
c - Lee's Rapid Deconstr  Erth           ####......   12%         5    #####..


Dungeon Overview and Level Annotations

Branches:
Dungeon (5/15)
 Temple: D:4-7

Altars:
Elyvilon

Shops:
D:4 [

Annotations:
D:3 exclusion: ogre
D:5 exclusion: ogre, Dowan


Innate Abilities, Weirdness & Mutations

You are resistant to torment.
Your stone body is resilient (AC +4).
You are immune to poison.
You resist negative energy.
You are resistant to electric shocks.
You can survive without breathing.
You are immune to petrification.
You are immune to rotting.


Message History

The orc priest is heavily wounded.
The orc priest invokes the aid of Beogh against you.
Beogh smites you!
* * * LOW HITPOINT WARNING * * *
You barely miss the orc priest.
The orc priest is heavily wounded.
The orc priest casts a cantrip, but nothing happens.
You closely miss the orc priest.
The orc priest is heavily wounded.
You block the orc priest's attack.
Drink which item? (? for menu, Esc to quit)
You feel better.
The orc priest mumbles some strange prayers to Beogh against you.
Pain shoots through your body!
* * * LOW HITPOINT WARNING * * *
The orc priest miscasts a cantrip.
The orc priest miscasts a cantrip.
The orc priest mumbles some strange prayers to Beogh against you.
Beogh smites you!
You die...

##..............#
#...........####
##..........#
#...=......#
##...o######
#...)#
##..)#######
#..(.o....#
##..#####@#
#(.#####.#
##>......#
#########


You could see an orc priest.

Vanquished Creatures
  Duvessa (D:5)
  A sky beast (D:5)
  A scorpion (D:4)
  A centaur zombie (D:5)
  Crazy Yiuf (D:1)
  An orc priest (D:5)
  Ijyb (D:2)
  Terence (D:2)
  3 worker ants (D:4)
  An orc wizard (D:5)
  8 adders
  8 gnolls
  An ooze (D:3)
  An adder skeleton (D:5)
  2 worms
  6 dart slugs
  2 giant geckos (D:3)
  7 orcs
  7 bats
  2 giant cockroaches
  12 goblins
  4 hobgoblins
  6 jackals
  6 kobolds
  A quokka (D:3)
  3 ball pythons
  3 giant newts
  A quokka skeleton (D:4)
  6 rats
98 creatures vanquished.

Notes
Turn   | Place    | Note
--------------------------------------------------------------
     0 | D:1      | rjaguar3 the Gargoyle Earth Elementalist began the quest for the Orb.
     0 | D:1      | Reached XP level 1. HP: 10/10 MP: 3/3
    95 | D:1      | Reached XP level 2. HP: 14/15 MP: 0/5
   172 | D:1      | Reached skill level 4 in Earth Magic
   584 | D:1      | Reached XP level 3. HP: 19/19 MP: 5/7
   962 | D:1      | Learned a level 3 spell: Stone Arrow
  1215 | D:2      | Noticed Crazy Yiuf
  1342 | D:1      | Killed Crazy Yiuf
  1342 | D:1      | Reached XP level 4. HP: 12/24 MP: 1/8
  1986 | D:2      | Reached skill level 5 in Earth Magic
  2054 | D:2      | Noticed Ijyb
  2077 | D:2      | Killed Ijyb
  2077 | D:2      | Reached XP level 5. HP: 28/28 MP: 2/10
  2162 | D:2      | Noticed Terence
  2227 | D:2      | Killed Terence
  2611 | D:3      | Noticed an ogre
  2993 | D:3      | Reached XP level 6. HP: 32/32 MP: 9/12
  3064 | D:3      | Learned a level 5 spell: Lee's Rapid Deconstruction
  3087 | D:3      | Found a faded altar to an unknown god.
  3816 | D:4      | Found a white marble altar of Elyvilon.
  3948 | D:4      | Reached skill level 5 in Spellcasting
  4091 | D:4      | Found Qaemue's Antique Armour Boutique.
  4129 | D:5      | Entered Level 5 of the Dungeon
  4130 | D:5      | Reached skill level 6 in Earth Magic
  4142 | D:5      | Noticed a sky beast
  4322 | D:4      | Bought a pair of heavily runed gloves for 209 gold pieces
  4332 | D:4      | Identified the +0 pair of gloves of Curiosity {+Inv Stlth+} (You bought it in a shop on level 4 of the Dungeon)
  4340 | D:4      | Reached XP level 7. HP: 36/36 MP: 8/15
  4694 | D:5      | Reached skill level 1 in Conjurations
  4866 | D:5      | Noticed Dowan
  4874 | D:5      | Noticed Duvessa
  5002 | D:5      | Reached skill level 1 in Armour
  5197 | D:5      | Killed Duvessa
  5197 | D:5      | Reached skill level 1 in Maces & Flails
  5254 | D:4      | HP: 1/37 [orc priest/nerve-wracking pain (13)]
  5258 | D:4      | Killed from afar by an orc priest

Skill      XL: |  1  2  3  4  5  6  7 |
---------------+----------------------+-----
Earth Magic    | 4 5 6 |  6.4
Spellcasting   | 3 4 5 |  5.8
Conjurations   | 1 |  1.4
Armour         | 1 |  1.3
Maces & Flails | 1 |  1.0
Fighting       | |  0.9
Dodging        | |  1.9
Stealth        | |  2.1
Transmutations | |  0.7
Evocations     | |  0.8

Action                   |  1- 3 |  4- 6 |  7- 9 || total
-------------------------+-------+-------+-------++-------
Melee: Dagger            |    19 |    22 |       ||    41
       Staff             |       |     9 |    24 ||    33
 Cast: Sandblast         |    51 |    67 |     6 ||   124
       Stone Arrow       |     1 |    45 |    25 ||    71
Evoke: Wand              |       |     1 |       ||     1
  Use: Potion            |       |     1 |     2 ||     3
       Scroll            |       |     5 |     1 ||     6
  Eat: Chunk             |     1 |    13 |     3 ||    17
       Fruit             |       |     1 |       ||     1
       Pizza             |       |       |     1 ||     1
Armor: Robe              |    33 |    41 |    16 ||    90
Dodge: Dodged            |    60 |    57 |    11 ||   128
Block: Other             |       |     2 |     4 ||     6
       Reflection        |       |       |     1 ||     1
